 Dungeon Crawl Stone Soup version 0.22-a0-587-g7d32d7c (webtiles) character file.

331 sking99 the Chopper (level 6, -5/57 HPs)
             Began as a Hill Orc Fighter on July 4, 2018.
             Slain by a sky beast (6 damage)
             ... on level 3 of the Dungeon.
             The game lasted 00:03:37 (2015 turns).

sking99 the Chopper (Hill Orc Fighter)              Turns: 2015, Time: 00:03:38

Health: -5/57      AC:  6    Str: 19    XL:     6   Next: 52%
Magic:  6/6        EV:  7    Int:  8    God:
Gold:   92         SH:  9    Dex: 12    Spells: 5/5 levels left

rFire    . . .     SeeInvis .   a - +0 war axe
rCold    . . .     Gourm    .   c - +0 shield
rNeg     . . .     Faith    .   b - +0 scale mail
rPois    .         Spirit   .   (no helmet)
rElec    .         Reflect  .   (no cloak)
rCorr    .         Harm     .   (no gloves)
MR       .....                  (no boots)
Stlth    ..........             (no amulet)
HPRegen  0.19/turn              (no ring)
MPRegen  0.10/turn              (no ring)

@: no status effects
A: no striking features
a: no special abilities


You were on level 3 of the Dungeon.
You were not hungry.

You visited 1 branch of the dungeon, and saw 3 of its levels.

You collected 92 gold pieces.

Inventory:

Hand Weapons
 a - a +0 war axe (weapon)
Armour
 b - a +0 scale mail (worn)
 c - a +0 shield (worn)
Scrolls
 g - a scroll of fear {unknown}
 h - 2 scrolls of identify {unknown}
 i - a scroll of fog {unknown}
 j - a scroll of remove curse {unknown}
 k - a scroll of teleportation {unknown}
 l - 2 scrolls of amnesia {unknown}
Potions
 d - 2 potions of might
 e - 2 potions of heal wounds {unknown}
 m - a potion of degeneration {unknown}
 n - a potion of flight {unknown}
Comestibles
 f - 4 rations
 o - 6 chunks of flesh


   Skills:
 + Level 5.7 Fighting
 * Level 7.4 Axes
 - Level 3.2 Armour
 - Level 3.2 Shields


You had 5 spell levels left.
You didn't know any spells.
Your spell library was empty.

Dungeon Overview and Level Annotations

Branches:
Dungeon (3/15)

Altars:
Qazlal


Message History

You miss something. Something hits you. Something shocks you.
You miss something. Something hits you but does no damage.
You barely miss something. Something completely misses you.
You hit something. Something hits you but does no damage.
You miss something. Something hits you. Something shocks you.
You miss something. Something hits you but does no damage. Something hits you.
Something shocks you.
You closely miss something. Something hits you but does no damage.
You miss something. Something hits you.
* * * LOW HITPOINT WARNING * * *
Something shocks you.
* * * LOW HITPOINT WARNING * * *
You miss something. Something hits you.
* * * LOW HITPOINT WARNING * * *
Something shocks you.
* * * LOW HITPOINT WARNING * * *
You miss something. Something hits you.
* * * LOW HITPOINT WARNING * * *
Something shocks you.
You die...

#.. .. #.# #
.. ## # #. ..
#
######.###.###
#.# #
........@{...#
#.# #
#######.##.#.#
#.# #
.........# ..
#. #.# #
########.## ##
#. #.# # #..#
#.###.#.# #..#
#.....#.. #..#
#...<.###
#..##
#.......)
#...#
#.....###


There were no monsters in sight!

Vanquished Creatures
  Sigmund (D:2)
  2 orc wizards (D:3)
  3 adders (D:2)
  A gnoll (D:1)
  An ooze (D:1)
  3 worms (D:2)
  2 dart slugs (D:1)
  2 leopard geckos
  7 orcs (D:3)
  3 bats
  4 giant cockroaches
  6 goblins
  3 hobgoblins
  2 quokkas (D:2)
  2 ball pythons
  5 kobolds
  8 rats
55 creatures vanquished.

Notes
Turn   | Place    | Note
-------+----------+-------------------------------------------
     0 | D:1      | sking99 the Hill Orc Fighter began the quest for the Orb.
     0 | D:1      | Reached XP level 1. HP: 19/19 MP: 1/1
    13 | D:1      | Reached skill level 3 in Axes
    78 | D:1      | Reached XP level 2. HP: 24/27 MP: 2/2
   313 | D:1      | Reached skill level 4 in Axes
   500 | D:1      | Reached XP level 3. HP: 33/33 MP: 3/3
   817 | D:2      | Noticed Sigmund
   829 | D:2      | Killed Sigmund
   829 | D:2      | Reached skill level 5 in Fighting
   829 | D:2      | Reached skill level 6 in Axes
   829 | D:2      | Reached XP level 4. HP: 32/42 MP: 4/4
   829 | D:2      | Reached XP level 5. HP: 36/48 MP: 5/5
  1117 | D:2      | Reached XP level 6. HP: 49/56 MP: 6/6
  1729 | D:3      | Reached skill level 7 in Axes
  1929 | D:3      | Found a stormy altar of Qazlal.
  1995 | D:3      | Noticed a sky beast
  2015 | D:3      | HP: 1/57 [something (4)]
  2015 | D:3      | Slain by a sky beast

Vault maps used:
D:1:      matt_arrival_spirals
D:2:      uniq_terence, uniq_sigmund
D:3:      nicolae_qazlal_general_emergency

Skill      XL: |  1  2  3  4  5  6 |
---------------+-------------------+-----
Axes           | 3 4 6 7 |  7.4
Fighting       | 4 5 |  5.7
Armour         | |  3.2
Shields        | |  3.2

Action                   |  1- 3 |  4- 6 || total
-------------------------+-------+-------++-------
Melee: War axe           |    80 |   134 ||   214
  Eat: Chunk             |       |     4 ||     4
Armor: Scale mail        |    33 |    48 ||    81
Dodge: Dodged            |    20 |    33 ||    53
Block: Shield            |    30 |    46 ||    76

Table legend:
 A = Spawn XP
 B = Non-spawn XP
 C = Spawn XP percentage of total XP
 D = Spawn monster count
 E = Non-spawn monster count
 F = Spawn count percentage of total count
 G = Total turns spent on level
                    A         B        C        D         E        F      G
               +---------+---------+-------+---------+---------+-------+---------
         Total |       0 |     474 |   0.0 |       0 |      55 |   0.0 |  2015
               +---------+---------+-------+---------+---------+-------+---------
           D:1 |       0 |      49 |   0.0 |       0 |      15 |   0.0 |   817
           D:2 |       0 |     312 |   0.0 |       0 |      23 |   0.0 |   895
           D:3 |       0 |     113 |   0.0 |       0 |      17 |   0.0 |   303
               +---------+---------+-------+---------+---------+-------+---------
